 Dungeon Crawl Stone Soup version 0.27-a0-1081-ge8a0a9c698 (webtiles) character file.

Game seed: 15593513064406170003

7466 shoop the Severer (level 11, -1/94 (101) HPs)
             Began as a Hill Orc Fighter on Apr 25, 2021.
             Was a Priest of Fedhas.
             Slain by a soul eater (9 damage)
             ... summoned by a kobold demonologist
             ... on level 9 of the Dungeon.
             The game lasted 00:20:07 (8676 turns).

shoop the Severer (Hill Orc Fighter)                Turns: 8676, Time: 00:20:09

HP:   -1/94 (101)   AC: 13    Str: 22    XL:     11   Next: 15%
MP:   11/11         EV: 10    Int:  8    God:    Fedhas [***...]
Gold: 513           SH: 10    Dex: 17    Spells: 10/10 levels left

rFire    + . .     SeeInvis .   K - +2 whip (elec)
rCold    . . .     Faith    .   c - +0 kite shield
rNeg     . . .     Spirit   .   e - +3 leather armour {rF+}
rPois    .         Reflect  .   J - +0 helmet
rElec    .         Harm     .   G - +1 cloak
rCorr    .         Rampage  .   (no gloves)
Will     .....                  (no boots)
Stlth    +.........             r - amulet of regeneration
HPRegen  1.25/turn              A - +4 ring of protection
MPRegen  0.12/turn              D - +6 ring of dexterity

@: drained
A: no striking features
a: Renounce Religion, Wall of Briars, Grow Ballistomycete


You were on level 9 of the Dungeon.
You worshipped Fedhas.
Fedhas was most pleased with you.
You visited 2 branches of the dungeon, and saw 10 of its levels.

You collected 513 gold pieces.

Inventory:

Hand Weapons
 a - a +0 war axe
 t - a +1 whip of electrocution
 C - the +6 spear of Mihig {vorpal, rCorr}
   (You found it on level 7 of the Dungeon)

   It inflicts extra damage upon your enemies.
   It protects you from acid and corrosion.
 K - a +2 whip of electrocution (weapon)
Missiles
 f - 10 javelins
 v - 3 throwing nets
 x - 69 poisoned darts (quivered)
Armour
 b - a +0 scale mail
 c - a +0 kite shield (worn)
 e - a +3 leather armour of fire resistance (worn)
 G - a +1 cloak (worn)
 I - a +5 plate armour of ponderousness
 J - a +0 helmet (worn)
Jewellery
 r - an amulet of regeneration (around neck)
 w - an amulet of reflection
 A - a +4 ring of protection (left hand)
 D - a +6 ring of dexterity (right hand)
Wands
 d - a wand of iceblast (17)
 m - a wand of mindburst (2)
 y - a wand of paralysis (8)
Scrolls
 g - a scroll of enchant armour {unknown}
 i - 2 scrolls of teleportation {unknown}
 k - a scroll of blinking
 l - a scroll of fear {unknown}
 o - a scroll of amnesia {unknown}
 q - 2 scrolls of vulnerability {unknown}
 s - 4 scrolls of immolation {unknown}
 u - 2 scrolls of brand weapon
 B - a scroll of enchant weapon
 F - 2 scrolls of noise
 H - a scroll of acquirement {unknown}
Potions
 h - 3 potions of curing
 j - 2 potions of haste
 n - 2 potions of attraction {unknown}
 p - 4 potions of degeneration {unknown}
 z - 2 potions of magic {unknown}
 E - a potion of heal wounds


   Skills:
 + Level 10.9 Fighting
 - Level 16.0 Axes
 - Level 1.0 Throwing
 - Level 3.2 Armour
 - Level 3.0 Dodging
 - Level 3.2 Shields
 + Level 4.8 Evocations


You had 10 spell levels left.
You didn't know any spells.
Your spell library contained the following spells:

 Spells                   Type           Power      Damage    Failure   Level
 Corona                   Hex            0%         N/A       93%         1
 Magic Dart               Conj           0%         1d3       93%         1
 Summon Small Mammal      Summ           0%         N/A       93%         1
 Call Imp                 Summ           0%         N/A       98%         2
 Ensorcelled Hibernation  Hex/Ice        0%         N/A       98%         2
 Call Canine Familiar     Summ           0%         N/A       100%        3
 Confusing Touch          Hex            0%         N/A       100%        3
 Dazzling Flash           Conj/Hex       0%         N/A       100%        3
 Gell's Gravitas          Tloc           0%         N/A       100%        3
 Ignite Poison            Fire/Tmut/Pois 0%         N/A       100%        3
 Summon Guardian Golem    Hex/Summ       0%         N/A       100%        3
 Tukima's Dance           Hex            0%         N/A       100%        3
 Petrify                  Tmut/Erth      0%         N/A       100%        4
 Summon Ice Beast         Ice/Summ       0%         N/A       100%        4
 Summon Lightning Spire   Summ/Air       0%         N/A       100%        4
 Metabolic Englaciation   Hex/Ice        0%         N/A       100%        5
 Yara's Violent Unravell  Hex/Tmut       0%         3d3       100%        5
 Orb of Destruction       Conj           0%         N/A       100%        7
 Ignition                 Fire           0%         3d3       100%        8


Dungeon Overview and Level Annotations

Branches:
Dungeon (9/15)             Temple (1/1) D:7             Orc (0/2) D:9
   Lair: D:8-11

Altars:
Ashenzari
Cheibriados
Elyvilon
Fedhas
Gozag
Kikubaaqudgha
Makhleb
Okawaru
Qazlal
Uskayaw
Vehumet
Wu Jian
Xom
Yredelemnul
Zin

Shops:
D:9 [

Annotations:
D:8 1 runed translucent door, mojorge's ghost, novice FoAK
D:9 1 runed translucent door, Joseph


Message History

The kobold demonologist is lightly wounded.
The kobold brigand hits you but does no damage.
The ynoxinul hits you but does no damage.
You block the kobold's attack. The soul eater hits you!
You feel drained. The kobold closely misses you.
The soul eater closely misses you.
The kobold demonologist hits you but does no damage.
You hit the kobold demonologist.
Lightning courses through the kobold demonologist!
The kobold demonologist is heavily wounded.
The kobold brigand hits you but does no damage.
You block the ynoxinul's attack. The kobold hits you but does no damage.
The soul eater hits you. The kobold hits you but does no damage.
The soul eater hits you.
You hit the kobold demonologist.
Lightning courses through the kobold demonologist!
The kobold demonologist is severely wounded.
The kobold demonologist hits you with a +0 dagger.
You block the kobold brigand's attack. The ynoxinul hits you.
The kobold hits you but does no damage. The soul eater hits you!
* * * LOW HITPOINT WARNING * * *
You feel drained.
* * * LOW HITPOINT WARNING * * *
Unknown command.
You closely miss the kobold demonologist.
The kobold demonologist is severely wounded.
The kobold completely misses you.
The soul eater draws from the surrounding life force!
* * * LOW HITPOINT WARNING * * *
The kobold demonologist looks encouraged for a moment.
You block the kobold brigand's attack.
Unknown command.
You hit the kobold demonologist but do no damage.
The kobold demonologist is severely wounded.
The ynoxinul hits you but does no damage.
You block the kobold's attack.
The soul eater draws from the surrounding life force!
* * * LOW HITPOINT WARNING * * *
You block the kobold's attack. The soul eater hits you!
You die...
Fedhas appreciates your contribution to the ecosystem.

#..# #...........####### #..
#[.................
##..####..................
.......<..................
#..#######...#####........
#...# #........
#...#####........ K....#
#....K3..........
.....#######...K@KK.........
.....K.K[?)....K33..........
........########55..........
.5..... #..........## 5.....
#..........# ..>...
#..........# ..@...
#..........# ......
.........<.# ......
..........#


You could see 2 soul eaters, a kobold demonologist, a ynoxinul (summoned), a
kobold brigand, a quasit (summoned), a crimson imp (summoned) and 3 kobolds.

Vanquished Creatures
  Harold (D:9)
  2 two-headed ogres (D:9)
  2 kobold demonologists (D:9)
  5 yaks
  3 orc warriors
  4 ice beasts
  3 ogres
  2 centaurs
  A phantom (D:6)
  4 kobold brigands
  A bullfrog (D:7)
  A gnoll sergeant (D:6)
  A scorpion (D:5)
  2 water moccasin zombies (D:5)
  15 killer bees
  5 wights (D:7)
  7 howler monkeys
  A gnoll shaman (D:6)
  A bullfrog skeleton (D:5)
  5 jellies
  Crazy Yiuf (D:2)
  3 orc priests
  A hound (D:5)
  5 iguanas
  9 orc wizards
  A hound skeleton (D:4)
  A howler monkey zombie (D:6)
  32 gnolls
  10 adders
  A white imp (D:5)
  An ufetubus (D:7)
  2 adder skeletons
  A worm (D:2)
  A dart slug (D:1)
  57 orcs
  9 bats
  7 endoplasms
  5 giant cockroaches
  4 goblins
  5 hobgoblins
  21 jackals
  3 quokkas
  6 ball pythons
  2 frilled lizards
  26 kobolds
  3 rats (D:2)
283 creatures vanquished.

Vanquished Creatures (others)
  3 fungi (D:2)
  A plant (D:5)
4 creatures vanquished.

Grand Total: 287 creatures vanquished

Notes
Turn   | Place    | Note
-------+----------+-------------------------------------------
     0 | D:1      | shoop the Hill Orc Fighter began the quest for the Orb.
     0 | D:1      | Reached XP level 1. HP: 19/19 MP: 1/1
    64 | D:1      | Reached skill level 3 in Axes
   220 | D:1      | Reached XP level 2. HP: 24/26 MP: 2/2
   398 | D:1      | Reached skill level 4 in Axes
   671 | D:1      | Reached XP level 3. HP: 24/31 MP: 3/3
   875 | D:2      | Reached skill level 5 in Axes
  1221 | D:2      | Reached XP level 4. HP: 39/39 MP: 4/4
  1389 | D:3      | Reached skill level 1 in Evocations
  1843 | D:3      | Reached skill level 6 in Axes
  1843 | D:3      | Reached XP level 5. HP: 45/45 MP: 5/5
  2131 | D:4      | Noticed an ogre
  2138 | D:4      | Killed an ogre
  2139 | D:4      | Reached XP level 6. HP: 41/51 MP: 6/6
  2208 | D:5      | Entered Level 5 of the Dungeon
  2225 | D:5      | Reached skill level 7 in Axes
  2311 | D:5      | Reached skill level 8 in Axes
  2485 | D:5      | Reached XP level 7. HP: 43/57 MP: 7/7
  2549 | D:5      | Reached skill level 9 in Axes
  2996 | D:5      | Reached skill level 10 in Axes
  3032 | D:5      | Reached skill level 1 in Dodging
  3149 | D:5      | Reached XP level 8. HP: 60/66 MP: 8/8
  3337 | D:5      | Reached skill level 5 in Fighting
  3782 | D:6      | Reached skill level 11 in Axes
  4235 | D:6      | Reached skill level 1 in Throwing
  4274 | D:7      | Reached XP level 9. HP: 62/78 MP: 9/9
  4313 | D:7      | Found a staircase to the Ecumenical Temple.
  4322 | Temple   | Entered the Ecumenical Temple
  4359 | Temple   | Became a worshipper of Fedhas Madash
  4862 | D:6      | Reached skill level 12 in Axes
  5232 | D:7      | Identified the +6 spear of Mihig {vorpal, rCorr}
  5431 | D:7      | Reached * piety under Fedhas
  6575 | D:2      | Found a runed translucent door.
  6576 | D:2      | Noticed Crazy Yiuf
  6581 | D:2      | Killed Crazy Yiuf
  6763 | D:2      | Identified Sif Muna's Disquisition on Flamy Attacks
  7096 | D:7      | Reached skill level 13 in Axes
  7240 | D:8      | Found a runed translucent door.
  7240 | D:8      | Found a shimmering altar of Xom.
  7240 | D:8      | Noticed a +1 mace of chaos
  7240 | D:8      | Noticed mojorge's ghost (novice FoAK)
  7382 | D:8      | Reached ** piety under Fedhas
  7613 | D:8      | Reached XP level 10. HP: 87/90 MP: 10/10
  7773 | D:9      | Found a runed translucent door.
  7780 | D:9      | Found Xiraem's Armour Emporium.
  7780 | D:9      | Found a staircase to the Orcish Mines.
  7783 | D:9      | Noticed a two-headed ogre
  7852 | D:9      | Noticed a two-headed ogre
  7901 | D:8      | Reached skill level 14 in Axes
  8200 | D:9      | Killed a two-headed ogre
  8200 | D:9      | Reached *** piety under Fedhas
  8201 | D:9      | Reached skill level 15 in Axes
  8235 | D:9      | Noticed a kobold demonologist
  8236 | D:9      | Noticed a kobold demonologist
  8237 | D:9      | Noticed a sun demon
  8258 | D:8      | Reached skill level 10 in Fighting
  8320 | D:9      | Killed a two-headed ogre
  8338 | D:9      | Found a stormy altar of Qazlal.
  8373 | D:9      | Noticed Harold
  8410 | D:9      | Killed Harold
  8411 | D:9      | Reached XP level 11. HP: 28/101 MP: 11/11
  8544 | D:9      | Noticed Joseph
  8661 | D:9      | Noticed a soul eater
  8662 | D:9      | Reached skill level 16 in Axes
  8665 | D:9      | Noticed a soul eater
  8676 | D:9      | Slain by a soul eater

Illustrated notes

Levels and vault maps discovered:
D:1:      eino_arrival_druids_welcome, layout_basic, hex_large
D:2:      layout_loops_ring, minmay_three_crescents, uniq_crazy_yiuf_cottage
D:3:      layout_loops_ring
D:4:      layout_cave_pools
D:5:      lemuel_castle_with_subvaults [lemuel_castle_interior_carwin_1],
          layout_loops_ring, grunt_ministairs_7
D:6:      layout_basic
D:7:      layout_gridville, minmay_temple_entry_glass
D:8:      layout_cave_pools, ebering_ghost_xom, lightli_orcish_oven
D:9:      layout_small_grid, nicolae_overflow_hidden_temple, orc_david_3,
          ebering_ghost_inner_flame, uniq_joseph, uniq_harold
Temple:   compressed_dpeg_circular_temple

Skill      XL: |  1  2  3  4  5  6  7  8  9 10 11 |
---------------+----------------------------------+-----
Axes           | 3 4 5 6 8 10 11 13 15 16 | 16.0
Evocations     | 1 2 3 4 |  4.8
Fighting       | 4 6 8 10 | 10.9
Dodging        | 1 3 |  3.0
Throwing       | 1 |  1.0
Armour         | |  3.2
Shields        | |  3.2

Action                   |  1- 3 |  4- 6 |  7- 9 | 10-12 || total
-------------------------+-------+-------+-------+-------++-------
Melee: War axe           |   112 |   176 |    98 |   156 ||   542
       Whip              |       |       |   464 |    50 ||   514
Throw: Dart              |       |       |       |     1 ||     1
Evoke: Wand              |       |       |       |     7 ||     7
  Use: Scroll            |       |       |     5 |       ||     5
       Potion            |       |       |     1 |     2 ||     3
 Stab: Sleeping          |     1 |       |     1 |       ||     2
       Paralysed         |       |       |       |     8 ||     8
Armor: Leather armour    |    52 |    63 |   157 |    95 ||   367
Dodge: Dodged            |    57 |    57 |   193 |    82 ||   389
Block: Kite shield       |    64 |   103 |   266 |   124 ||   557

Table legend: (Time is in decaauts)
 A = Elapsed time spent in this place.
 B = Non-inter-level travel time spent in this place.
 C = Inter-level travel time spent in this place.
 D = Time resting spent in this place.
 E = Time spent auto-exploring this place.
 F = Levels seen in this place.
 G = Mean time per level.
                   A        B        C        D        E       F      G
               +--------+--------+--------+--------+--------+-----+--------+
         Total |   8835 |   8309 |    526 |    282 |   5637 |  10 |  883.5 |
       Dungeon |   8769 |   8271 |    498 |    282 |   5605 |   9 |  974.3 |
        Temple |     66 |     38 |     28 |      0 |     32 |   1 |   66.0 |
               +--------+--------+--------+--------+--------+-----+--------+

Top non-repeatable levels by time:
     D:5: 1554 daAuts
     D:6: 1289 daAuts
     D:2: 1169 daAuts
     D:3: 991 daAuts
     D:8: 962 daAuts
     D:7: 925 daAuts
     D:1: 820 daAuts
     D:9: 555 daAuts
     D:4: 501 daAuts
  Temple: 66 daAuts
